Cogmind - Beta 13 @@@ ROGUE MODE // 2024.04.08 @ 21:52:16 Player: Bort Result: Destroyed by G-47 Trooper with Particle Gun Performance ------------- Evolutions (2) 1000 Regions Visited (3) 600 Robots Destroyed (42) 210 Value Destroyed (1283) 1283 Prototype IDs (0) 0 Alien Tech Used (0) 0 Bonus (32) 32 TOTAL SCORE: 3125 Bonus ------- High Alert Combat Kills 32 Cogmind --------- Core Integrity 0/550 Matter 147/300 Energy 100/100 System Corruption 11% Temperature Cool (18) Movement Core (50) Location -8/Materials Parts ------- > --- POWER (2) -------- (None) > --- PROPULSION (3) --- (None) > --- UTILITY (3) ------ (None) > --- WEAPON (3) ------- (None) > --- INVENTORY (5) ---- Improved Signal Interpreter Peak State ------------ > --- POWER ------------ Improved Ion Engine > --- PROPULSION ------- Light Treads Light Treads Armored Treads > --- UTILITY ---------- Improved Signal Interpreter Improved Terrain Scanner Hardlight Generator > --- WEAPON ----------- Pulse Rifle High-powered Shotgun Light Cannon > --- INVENTORY -------- Small Storage Unit Improved Signal Interpreter [Rating: 23] Favorites ----------- Power Ion Engine Engine Ion Engine Propulsion Light Treads Treads Light Treads Leg Aluminum Leg Utility Small Storage Unit Device Structural Scanner Storage Small Storage Unit Processor Improved Signal Interpreter Protection Core Shielding Weapon Assault Rifle Energy Gun Pulse Rifle Energy Cannon Particle Cannon Ballistic Gun Assault Rifle Ballistic Cannon Light Cannon Special Melee Weapon Datajack Build | -11 -10 -9 -8 ------- Run | Yrd Mat Mat Mat Slots Evolved 4 | . . 2 2 Power 1 | . . . 1 Propulsion 1 | . . 1 . Utility 1 | . . 1 . Weapon 1 | . . . 1 Parts Attached 48 | 6 4 19 19 Power 3 | 1 . 1 1 Engine 3 | 1 . 1 1 Core . | . . . . Reactor . | . . . . Propulsion 11 | 2 . 4 5 Treads 6 | 2 . . 4 Leg 5 | . . 4 1 Wheel . | . . . . Hover . | . . . . Flight . | . . . . Utility 16 | 1 4 6 5 Device 7 | . 2 1 4 Storage 4 | 1 . 2 1 Processor 3 | . 1 2 . Hackware . | . . . . Protection 2 | . 1 1 . Artifact . | . . . . Weapon 18 | 2 . 8 8 Energy Gun 3 | . . 1 2 Energy Cannon 1 | . . 1 . Ballistic Gun 10 | 2 . 5 3 Ballistic Cannon 3 | . . . 3 Launcher . | . . . . Special Weapon . | . . . . Impact Weapon . | . . . . Slashing Weapon . | . . . . Piercing Weapon . | . . . . Special Melee Weapon 1 | . . 1 . Unidentified Prototypes . | . . . . Parts Lost 22 | . 1 8 13 Power 3 | . . 1 2 Propulsion 6 | . . 4 2 Utility 5 | . 1 . 4 Weapon 8 | . . 3 5 Highest Loss Streak 8 | . 1 3 8 To Critical Strikes . | . . . . Average Slot Usage (%) 87 | . 94 88 70 Engine 11 | . 14 8 11 Treads 15 | . 28 2 13 Leg 9 | . . 22 1 Device 5 | . 4 3 11 Storage 7 | . 8 9 1 Processor 13 | . 9 18 9 Protection 1 | . . 1 1 Energy Gun 2 | . . 2 5 Energy Cannon 2 | . . 5 . Ballistic Gun 18 | . 28 13 10 Naked Turns 16 | . . . 16 Heaviest Build 27 | 13 14 18 27 Greatest Support 60 | 40 40 40 60 Greatest Overweight (x) 3 | . . 3 3 Average Overweight (x) . | . . . . Largest Inventory Capacity 8 | 8 8 8 8 Average Capacity 6 | 6 6 7 5 Most Carried 8 | 4 3 8 5 Average Carried 2 | . 1 4 2 Final Capacity 8 | 8 5 5 5 Final Carried 4 | . 2 4 1 Class Distribution -------------------- 89% | Mutant 8% | Scavenger-Skirmisher Dominant Class ---------------- Mutant | -10/Materials Mutant | -9/Materials Scavenger-Skirmisher | -8/Materials Resources | -11 -10 -9 -8 ----------- Run | Yrd Mat Mat Mat Matter Collected 1109 | 233 130 487 259 Remotely . | . . . . Salvage Created 1374 | . 220 869 285 Parts 88 | . 14 60 14 Haulers Intercepted . | . . . . Recyclers Shooed . | . . . . Parts Field Recycled . | . . . . Retrieved Matter . | . . . . Parts Self-Destructed . | . . . . Prevented . | . . . . Kills | -11 -10 -9 -8 ------- Run | Yrd Mat Mat Mat Combat Hostiles Destroyed 35 | . 5 23 7 Guns 25 | . 5 16 4 Cannons 9 | . . 6 3 Classes Destroyed 8 | . 2 4 2 Worker 1 | . . 1 . Builder 1 | . . 1 . Watcher 5 | . 1 4 . Swarmer 7 | . . 7 . Grunt 18 | . 5 11 2 Brawler 1 | . . . 1 Duelist 1 | . . . 1 Sentry 8 | . . 5 3 Best Kill Streak 4 | . 3 4 3 Combat Bots Only 4 | . 3 4 3 Max Kills in Single Turn 1 | . 1 1 1 Gunslinging . | . . . . Exploded . | . . . . Melee . | . . . . Uniques/NPCs Destroyed . | . . . . Combat | -11 -10 -9 -8 -------- Run | Yrd Mat Mat Mat Hostile Shots Fired 373 | . 41 158 174 Missed 99 | . 12 46 41 Damage Taken 3582 | . 320 1353 1909 Core 914 | . 22 331 561 Absorbed by Shields 152 | . . . 152 Redirected to Shielding 39 | . . 27 12 Core Remaining (%) 69 | 100 91 17 . Volleys Fired 125 | . 17 71 37 Largest 3 | . 2 2 3 Hottest 124 | . 40 124 123 Shots Fired 246 | . 34 136 76 Gun 200 | . 34 110 56 Cannon 46 | . . 26 20 Launcher . | . . . . Special . | . . . . Kinetic 188 | . 34 94 60 Thermal 58 | . . 42 16 Explosive . | . . . . Electromagnetic . | . . . . Robot Hit Streak 13 | . 10 13 6 Robot Miss Streak 10 | . 2 9 10 Penetration Max . | . . . . Secondary Targets 9 | . 2 6 1 Max Gunslinging Chain 1 | . 1 1 1 Shots Hit Robots 157 | . 21 90 46 Core Hits 71 | . 11 43 17 Critical Kills 1 | . . 1 . Critical Parts Destroyed 2 | . . . 2 Critical Strikes 4 | . . 1 3 Burn 1 | . . . 1 Meltdown 1 | . . 1 . Destroy 2 | . . . 2 Melee Attacks 6 | . . 6 . Impact . | . . . . Slashing . | . . . . Piercing . | . . . . Sneak Attacks 4 | . . 4 . Combat Hostiles . | . . . . Follow-up Attacks . | . . . . Damage Inflicted 2474 | . 255 1412 807 Guns 1948 | . 255 1126 567 Cannons 525 | . . 285 240 Explosions . | . . . . Melee . | . . . . Ramming 1 | . . 1 . Kinetic 1861 | . 255 951 655 Thermal 612 | . . 460 152 Explosive . | . . . . Electromagnetic . | . . . . Impact . | . . . . Slashing . | . . . . Piercing . | . . . . Highest Corruption 11 | . . . 11 Average Corruption 8 | . . . 8 Corruption Purged . | . . . . Corruption Blocked . | . . . . Effects 4 | . . . 4 Matter Fused 2 | . . . 2 Data Loss (minor) 1 | . . . 1 Alerts 1 | . . . 1 Overload Shots . | . . . . Overflow Damage . | . . . . Projectiles . | . . . . Explosions . | . . . . Melee . | . . . . Knockbacks 2 | . . . 2 Impact . | . . . . Kinetic 2 | . . . 2 Secondary . | . . . . Self-Inflicted Damage . | . . . . Shots . | . . . . Rammed 1 | . . 1 . Targets Rammed 1 | . . 1 . Kicked . | . . . . Crushed . | . . . . Highest Temperature 392 | . 18 312 392 Average Temperature 69 | . 8 60 94 Received Heat Transfer 1778 | . 174 621 983 Effects 2 | . . 1 1 Energy Bleed 2 | . . 1 1 Siege Activations . | . . . . Robots Corrupted . | . . . . Combat Hostiles . | . . . . Parts Fried . | . . . . Impact Corruptions . | . . . . Robots Melted 1 | . . 1 . Combat Hostiles 1 | . . 1 . Parts Melted 3 | . . 3 . Heat Transferred 1369 | . . 962 407 Parts Sabotaged . | . . . . Parts Stolen . | . . . . Parts Stripped . | . . . . Power Chain Reactions . | . . . . Alert | -11 -10 -9 -8 ------- Run | Yrd Mat Mat Mat Peak Influence 466 | . 72 466 234 Initial 153 | . . . 153 Average 96 | . 14 162 158 Maximum Alert Level 2 | . . 2 1 Low Security (%) 77 | 100 100 65 50 Level 1 17 | . . 23 49 Level 2 4 | . . 10 . Level 3 . | . . . . Level 4 . | . . . . Level 5 . | . . . . High Security . | . . . . Max Security . | . . . . Squads Dispatched 6 | . 3 2 1 Investigation 3 | . 3 . . Extermination . | . . . . Reinforcement 3 | . . 2 1 Assault . | . . . . Garrison . | . . . . Intercept . | . . . . Searches Triggered . | . . . . Construction Impeded . | . . . . Haulers Reinforced . | . . . . Active Scanning Responses . | . . . . Cargo Convoy Interrupts . | . . . . Stealth | -11 -10 -9 -8 --------- Run | Yrd Mat Mat Mat Distress Signals 5 | . 1 3 1 Communications Jammed . | . . . . Distress Signals . | . . . . Times Spotted 59 | . 8 36 15 Peak Tracking Total 7 | . 3 4 7 Tactical Retreats 1 | . . . 1 Traps | -11 -10 -9 -8 ------- Run | Yrd Mat Mat Mat Traps Triggered 5 | . 3 . 2 Indirectly . | . . . . Trap Hack Attempts . | . . . . Triggered . | . . . . Disarmed . | . . . . Reprogrammed . | . . . . Reused . | . . . . Traps Extracted . | . . . . Installed . | . . . . Triggered . | . . . . Machines | -11 -10 -9 -8 ---------- Run | Yrd Mat Mat Mat Machines Disabled 2 | . . 2 . Max in Single Turn 1 | . . 1 . Machines Repaired . | . . . . Machines Dismantled . | . . . . Machines Sabotaged . | . . . . Overloaded Fab Kills . | . . . . Hacking | -11 -10 -9 -8 --------- Run | Yrd Mat Mat Mat Machines Accessed 3 | . 2 1 . Terminals 3 | . 2 1 . Fabricators . | . . . . Repair Stations . | . . . . Recycling Units . | . . . . Scanalyzers . | . . . . Garrison Access . | . . . . Total Hacks 3 | . 2 1 . Successful 3 | . 2 1 . Failed . | . . . . Catastrophic . | . . . . Database Lockouts . | . . . . Manual . | . . . . Terminals 3 | . 2 1 . Fabricators . | . . . . Repair Stations . | . . . . Recycling Units . | . . . . Scanalyzers . | . . . . Garrison Access . | . . . . Terminal Hacks 3 | . 2 1 . Record 3 | . 2 1 . Fabricator Hacks . | . . . . Repair Station Hacks . | . . . . Recycling Unit Hacks . | . . . . Scanalyzer . | . . . . Garrison Access Hacks . | . . . . Unauthorized Hacks . | . . . . Terminals . | . . . . Fabricators . | . . . . Repair Stations . | . . . . Recycling Units . | . . . . Scanalyzers . | . . . . Garrison Access . | . . . . Data Cores Recovered . | . . . . Used . | . . . . Hacking Detections . | . . . . Full Trace Events . | . . . . Feedback Events . | . . . . Feedback Blocked . | . . . . Robot Schematics Acquired . | . . . . Robots Built . | . . . . Authchips . | . . . . Time . | . . . . Total Robot Build Rating . | . . . . Part Schematics Acquired . | . . . . Parts Built . | . . . . Authchips . | . . . . Time . | . . . . Total Part Build Rating . | . . . . Parts Repaired . | . . . . Time . | . . . . Parts Recycled . | . . . . Recycled Matter . | . . . . Retrieved Matter . | . . . . Retrieved Components . | . . . . Parts Scanalyzed . | . . . . Part Schematics Acquired . | . . . . Parts Damaged . | . . . . Bothacking | -11 -10 -9 -8 ------------ Run | Yrd Mat Mat Mat Used RIF Installer . | . . . . Robots Hacked 2 | . . 2 . Non-combat 2 | . . 2 . Combat . | . . . . Robot Hacks Applied 4 | . . 4 . parse_system 2 | . . 2 . no_distress 1 | . . 1 . find_recycling 1 | . . 1 . Relay Couplers Released . | . . . . Fabnet Peak Effective % . | . . . . Robots Rewired . | . . . . Allies Hacked . | . . . . Hacks Repelled . | . . . . Allies | -11 -10 -9 -8 -------- Run | Yrd Mat Mat Mat Total Allies . | . . . . Largest Group . | . . . . Highest-Rated Group . | . . . . Highest-Rated Ally . | . . . . Total Orders . | . . . . Ally Attacks . | . . . . Total Damage . | . . . . Kills . | . . . . Allies Corrupted . | . . . . Allies Melted . | . . . . Intel | -11 -10 -9 -8 ------- Run | Yrd Mat Mat Mat Robot Analysis Total . | . . . . Derelict Logs Recovered . | . . . . Drone Launches . | . . . . Drone Recoveries . | . . . . Exploration | -11 -10 -9 -8 ------------- Run | Yrd Mat Mat Mat Turns Passed 3471 | 98 1419 1333 621 Spaces Moved 1690 | 63 635 739 253 Core 99 | 12 . 69 18 Treads 960 | 51 635 67 207 Legs 631 | . . 603 28 Wheels . | . . . . Hover . | . . . . Flight . | . . . . Fastest Speed 50 | 50 160 120 50 Average Speed 146 | 139 160 130 161 Slowest Speed 240 | 160 160 200 240 Overloaded Moves . | . . . . Propulsion Burnouts . | . . . . Robots Hopped . | . . . . Cave-ins Triggered . | . . . . Exploration Rate (%) 42 | 4 78 68 19 Regions Visited 3 Branch Regions . Pre-discovered Areas . | . . . . Known Exits Taken 2 | . 1 1 . Unknown Exits Taken 1 | 1 . . . Scrap Searched . | . . . . Spaces Dug . | . . . . Terrain Destroyed 1 | . . . 1 Melee . | . . . . Projectile 1 | . . . 1 AOE . | . . . . Terrain Rammed . | . . . . Walls Destroyed . | . . . . Machines Disabled . | . . . . Actions | -11 -10 -9 -8 --------- Run | Yrd Mat Mat Mat Total 2454 | 74 1008 973 399 Wait 529 | . 345 110 74 Move 1687 | 62 634 738 253 Hop . | . . . . Pick Up 42 | 6 6 18 12 Fast Attach . | . . . . Attach 32 | 6 2 12 12 Detach 2 | . . 2 . Swap 16 | . 2 7 7 Drop 14 | . 2 8 4 Fire 125 | . 17 71 37 Melee 6 | . . 6 . Ram 1 | . . 1 . Kick . | . . . . Crush . | . . . . Escape Stasis . | . . . . Rewire . | . . . . Trap . | . . . . Miscellaneous . | . . . . Route ------- -11/Scrapyard -10/Materials (discovered 4 exits: *Mat x2 / *Min x2) -9/Materials (discovered 3 exits: *Mat x2 / *Sto) -8/Materials History --------- Turn | Location | Event 9 | -11/Scrapyard | Discovered new exit (range 15) 99 | -11/Scrapyard | Entered Materials 262 | -10/Materials | Discovered new exit (range 10) 309 | -10/Materials | Build established: Mutant 1238 | -10/Materials | Discovered new exit (range 6) 1245 | -10/Materials | Identified exit to Materials 1402 | -10/Materials | Discovered exit to Materials (range 4) 1430 | -10/Materials | Discovered new exit (range 5) 1437 | -10/Materials | Identified exit to Mines 1518 | -10/Materials | Entered another Materials area 1518 | -9/Materials | Evolved 2 slots: Propulsion x1, Utility x1 1695 | -9/Materials | Discovered new exit (range 14) 1908 | -9/Materials | Identified exit to Storage 2431 | -9/Materials | Discovered new exit (range 10) 2622 | -9/Materials | Discovered new exit (range 17) 2672 | -9/Materials | Core integrity fell below 50% 2686 | -9/Materials | Lost 3 parts (1n2w) 2716 | -9/Materials | Core integrity fell below 20% 2821 | -9/Materials | Identified exit to Materials 2851 | -9/Materials | Entered another Materials area 2851 | -8/Materials | Evolved 2 slots: Power x1, Weapon x1 3282 | -8/Materials | Lost 3 parts (1p1n1u) 3420 | -8/Materials | System corruption reached 10% 3446 | -8/Materials | Core integrity fell below 50% 3466 | -8/Materials | Core integrity fell below 20% 3472 | -8/Materials | Destroyed by G-47 Trooper with Particle Gun Last Messages --------------- 03397_ Imp. Signal Interpreter destroyed. 03397_ System corrupted by crushing effect (+4). 03400_ System corrupted: IFF burst signal emitted. 03416_ System corrupted: Matter fused (-7). 03419_ Sml. Storage Unit destroyed. 03419_ System corrupted by crushing effect (+2). 03433_ Acquired Assault Cannon. 03434_ System corrupted: Component data lost. 03440_ Hpw. Shotgun destroyed. 03443_ G-47 Trooper knocked back. 03445_ B-36 Bruiser destroyed. 03445_ Critical hit (Burn: +37). 03447_ G-47 Trooper knocked back. 03449_ R-06 Scavenger collects Rnf. Ion Engine. 03453_ R-06 Scavenger collects Lgt. Treads. 03455_ Arm. Treads destroyed. 03456_ Assault Cannon destroyed. 03456_ Imp. Terrain Scanner destroyed. 03456_ U-05 Engineer builds a Wall. 03461_ M-13 Machinist repairs G-47 Trooper. Map ----- +----------------------------------------------------+ | ?????????????????????????????????????? | | ?????????????????????????????????????? | | ?????????????????????????????????????? | | ?????????????????????????????????????? | | ?????????????????????????????????????? | | ?????????????????????????????????????? | | ?????????????????????????????????????? | | ?????????????????????????????????#???? | | ?????????????????????????????????????? | | ???????????????????????????????#?????? | | ?????????????????????????????????????? | | ???????? ????????????????????????????? | | ?????????????????????????????????????? | | ?????????????? ??????????????????????? | | ???????????????????????????????????### | | ???????????#???????????????????????# | | ???????????????????? ?##???????????# | | ??????????????????? ? /???????????? | | ????????????????????? #??#?????????? | | ???????? ?????????? #?????????#??? | | ???????? ????????? #????#????????# | | ???????# ?????? ????????????? ?# | | ??????## #????###+###?#???? ? ?????# | | ??????# ##### %######???? ??"??+ | | ??????+ r gg%m% ###????????# | | ??????# @ g T u+?? ??? # | | ??????# ##### % ### ###????????# | | ??????## #????######?# #??????? ??# | | ####???# ############# ###??? ????# | | # !??# # ## #??????? ??# | | # ?# # ## ##?#+#?#??### | | # ?# # # ### ##?#??# | | # # # # ###### | | # # #! # + | | # / + # ###+####### | | # #^ # ## ## ## | | ??#?####^ ####+######## ## """ ## | | ????# ## """ ### | | ????# + """ #?? | | ???####+##### "" ### ## #?? | | ???# # Y" ###+############?? | | ???#""" # "" # #??#??#? | | ???#""" + # ] #??????? | | ???#""" # + #????#?? | | ?#?# ###"T"### """ """ #??????? | | ???#""" #?#"""#?# """ """ #?#????? | | ???#""" #?#####?# """ """ #??????? | | ???#""" #?#?????# #??????? | | ???# #?????#?# ! ???????? | | ??###########????????#########???????? | +----------------------------------------------------+ Best States ------------- Heat Dissipation 31 Energy Generation 17 Energy Capacity 415 Matter Stores 300 Matter Capacity 300 Sight Range 18 Robot Scan Range 14 Terrain Scan Range 16 Terrain Scan Density 10 Core Shielding 20 Evasion (%) 55 Recoil Reduction 3 Item Schematics ----------------- None Robot Schematics ------------------ None Fabricated ------------ Nothing Alien Tech Used ----------------- None Achievements -------------- None Challenges ------------ None Game ------ Seed StorageRelayEngine Manual? 0 Play Time 00:35:18 Cumulative 2.4 hours Start 2024.04.08 @ 21:02:09 End 2024.04.08 @ 21:52:16 Sessions 1 Manual Loads 0 Difficulty Rogue Special Mode None Game No. 5 Rogue 5 Adventurer 0 Explorer 0 Win Type - Total 0 Types 0/0/0/0/0/0/0/0/0 Lore% 3 Gallery% 8 Achievement% 8 Wizard Run 0 Options --------- Layout 1 ASCII 0 Keyboard 0 Movement Numpad Keybinds 0 Fullscreen 1 Font 24/Smallcaps Map View 38x17 Zoom Use 95% Tactical HUD 1 Map Filters NONE Filters NONE Steam 1 RUN: 01bfec9b-14cd-40ab-a2ad-db082cd08489